Cogmind - Beta 10.2 *** ADVENTURER MODE // 2021.04.28 @ 21:07:37 Player: Lonely Shikari Result: Destroyed by G-34 Mercenary with Small Laser Performance ------------- Evolutions (0) 0 Regions Visited (1) 200 Robots Destroyed (14) 70 Value Destroyed (230) 230 Prototype IDs (2) 40 Alien Tech Used (0) 0 Bonus (0) 0 TOTAL SCORE: 540 Bonus ------- None Cogmind --------- Core Integrity 0/250 Matter 111/300 Energy 100/100 System Corruption 2% Temperature Cool (6) Movement Core (550) Ox10 Location -10/Materials Parts ------- > --- POWER (1) -------- (None) > --- PROPULSION (2) --- (None) > --- UTILITY (2) ------ Large Storage Unit Large Storage Unit > --- WEAPON (2) ------- (None) > --- INVENTORY (16) --- Ion Engine Light Treads Light Treads Compact Wheel Small Storage Unit Peak State ------------ > --- POWER ------------ Ion Engine > --- PROPULSION ------- Wheel Compact Wheel > --- UTILITY ---------- Small Storage Unit Large Storage Unit > --- WEAPON ----------- Medium Laser Assault Rifle > --- INVENTORY -------- Ion Engine Light Treads Light Treads Light Assault Rifle [Rating: 7] Favorites ----------- Power Ion Engine Engine Ion Engine Propulsion Compact Wheel Leg Aluminum Leg Wheel Compact Wheel Utility Large Storage Unit Storage Large Storage Unit Weapon Assault Rifle Energy Gun Medium Laser Ballistic Gun Assault Rifle Special Weapon Welding Torch Build | -11 -10 ------- Run | Scr Mat Slots Evolved . | . . Power . | . . Propulsion . | . . Utility . | . . Weapon . | . . Parts Attached 11 | 3 8 Power . | . . Engine . | . . Core . | . . Reactor . | . . Propulsion 6 | 2 4 Treads . | . . Leg . | . . Wheel 6 | 2 4 Hover . | . . Flight . | . . Utility 2 | . 2 Device . | . . Storage 2 | . 2 Processor . | . . Hackware . | . . Protection . | . . Artifact . | . . Weapon 3 | 1 2 Energy Gun . | . . Energy Cannon . | . . Ballistic Gun 2 | 1 1 Ballistic Cannon . | . . Launcher . | . . Special Weapon 1 | . 1 Impact Weapon . | . . Slashing Weapon . | . . Piercing Weapon . | . . Special Melee Weapon . | . . Unidentified Prototypes . | . . Parts Lost 7 | . 7 Power 1 | . 1 Propulsion 2 | . 2 Utility . | . . Weapon 4 | . 4 Highest Loss Streak 5 | . 5 Average Slot Usage (%) 89 | . 89 Engine 13 | . 13 Wheel 27 | . 27 Storage 27 | . 27 Energy Gun 7 | . 7 Ballistic Gun 12 | . 12 Naked Turns . | . . Heaviest Build 41 | 13 41 Greatest Support 32 | 26 32 Greatest Overweight (x) 2 | . 2 Average Overweight (x) . | . . Largest Inventory Capacity 16 | 6 16 Average Capacity 15 | 6 15 Most Carried 7 | 6 7 Average Carried 5 | 5 5 Final Capacity 16 | 6 16 Final Carried 5 | 4 5 Class Distribution -------------------- 100% | Mutant Dominant Class ---------------- Mutant | -10/Materials Resources | -11 -10 ----------- Run | Scr Mat Matter Collected 504 | 229 275 Remotely . | . . Salvage Created 478 | . 478 Parts 35 | . 35 Haulers Intercepted 1 | . 1 Recyclers Shooed 2 | . 2 Parts Field Recycled . | . . Retrieved Matter . | . . Parts Self-Destructed . | . . Prevented . | . . Kills | -11 -10 ------- Run | Scr Mat Combat Hostiles Destroyed 9 | . 9 Guns 9 | . 9 Classes Destroyed 5 | . 5 Tunneler 2 | . 2 Hauler 1 | . 1 Recycler 2 | . 2 Swarmer 6 | . 6 Grunt 3 | . 3 Best Kill Streak 3 | . 3 Combat Bots Only 3 | . 3 Max Kills in Single Turn 2 | . 2 Gunslinging 1 | . 1 Exploded . | . . Melee . | . . Uniques/NPCs Destroyed . | . . Combat | -11 -10 -------- Run | Scr Mat Damage Taken 781 | . 781 Core 257 | . 257 Absorbed by Shields . | . . Core Remaining (%) 100 | 100 . Volleys Fired 155 | . 155 Largest 2 | . 2 Hottest 70 | . 70 Shots Fired 227 | . 227 Gun 226 | . 226 Cannon . | . . Launcher . | . . Special 1 | . 1 Kinetic 154 | . 154 Thermal 73 | . 73 Explosive . | . . Electromagnetic . | . . Robot Hit Streak 23 | . 23 Robot Miss Streak 2 | . 2 Penetration Max . | . . Secondary Targets 2 | . 2 Max Gunslinging Chain 1 | . 1 Shots Hit Robots 59 | . 59 Core Hits 21 | . 21 Critical Hits . | . . Critical Kills . | . . Critical Parts Destroyed . | . . Melee Attacks . | . . Impact . | . . Slashing . | . . Piercing . | . . Sneak Attacks . | . . Combat Hostiles . | . . Follow-up Attacks . | . . Damage Inflicted 659 | . 659 Guns 611 | . 611 Cannons . | . . Explosions 39 | . 39 Melee . | . . Ramming 7 | . 7 Kinetic 372 | . 372 Thermal 241 | . 241 Explosive 39 | . 39 Electromagnetic . | . . Impact . | . . Slashing . | . . Piercing . | . . Highest Corruption 2 | . 2 Average Corruption 2 | . 2 Corruption Purged . | . . Overload Shots . | . . Overflow Damage 13 | . 13 Projectiles . | . . Explosions 13 | . 13 Melee . | . . Knockbacks . | . . Impact . | . . Kinetic . | . . Secondary . | . . Self-Inflicted Damage 102 | . 102 Shots 2 | . 2 Rammed 3 | . 3 Targets Rammed 3 | . 3 Kicked . | . . Crushed . | . . Highest Temperature 190 | . 190 Average Temperature 57 | . 57 Received Heat Transfer 402 | . 402 Siege Activations . | . . Robots Corrupted . | . . Combat Hostiles . | . . Parts Fried . | . . Impact Corruptions . | . . Robots Melted . | . . Combat Hostiles . | . . Parts Melted . | . . Heat Transferred 728 | . 728 Parts Sabotaged . | . . Parts Stolen . | . . Parts Stripped . | . . Power Chain Reactions . | . . Missiles Intercepted . | . . Alert | -11 -10 ------- Run | Scr Mat Peak Influence 296 | . 296 Initial . | . . Average 150 | . 151 Maximum Alert Level 1 | . 1 Low Security (%) 71 | 100 70 Level 1 28 | . 29 Level 2 . | . . Level 3 . | . . Level 4 . | . . Level 5 . | . . High Security . | . . Max Security . | . . Squads Dispatched 3 | . 3 Investigation 3 | . 3 Extermination . | . . Reinforcement . | . . Assault . | . . Garrison . | . . Intercept . | . . Construction Impeded . | . . Haulers Reinforced . | . . Stealth | -11 -10 --------- Run | Scr Mat Distress Signals . | . . Communications Jammed . | . . Distress Signals . | . . Times Spotted 15 | . 15 Peak Tracking Total 3 | . 3 Tactical Retreats 2 | . 2 Traps | -11 -10 ------- Run | Scr Mat Traps Triggered 1 | . 1 Indirectly . | . . Trap Hack Attempts . | . . Triggered . | . . Disarmed . | . . Reprogrammed . | . . Reused . | . . Traps Extracted . | . . Installed . | . . Triggered . | . . Machines | -11 -10 ---------- Run | Scr Mat Machines Disabled 4 | . 4 Max in Single Turn 2 | . 2 Machines Sabotaged . | . . Garrisons Compromised . | . . Overloaded Fab Kills . | . . Fab Network Shutdowns . | . . Hacking | -11 -10 --------- Run | Scr Mat Machines Accessed 5 | . 5 Terminals 4 | . 4 Fabricators . | . . Repair Stations . | . . Recycling Units 1 | . 1 Scanalyzers . | . . Garrison Access . | . . Total Hacks 20 | . 20 Successful 11 | . 11 Failed 9 | . 9 Catastrophic 1 | . 1 Database Lockouts . | . . Manual 16 | . 16 Terminals 15 | . 15 Fabricators . | . . Repair Stations . | . . Recycling Units 5 | . 5 Scanalyzers . | . . Garrison Access . | . . Terminal Hacks 2 | . 2 Prototype ID Bank 1 | . 1 Zone Layout 1 | . 1 Fabricator Hacks . | . . Repair Station Hacks . | . . Recycling Unit Hacks 2 | . 2 Process 1 | . 1 Report Inventory 1 | . 1 Scanalyzer . | . . Garrison Access Hacks . | . . Unauthorized Hacks 7 | . 7 Terminals 6 | . 6 Botnet 3 | . 3 Disrupt 3 | . 3 Fabricators . | . . Repair Stations . | . . Recycling Units 1 | . 1 Mask 1 | . 1 Scanalyzers . | . . Garrison Access . | . . Data Cores Recovered . | . . Used . | . . Hacking Detections 5 | . 5 Full Trace Events 4 | . 4 Feedback Events . | . . Feedback Blocked . | . . Robot Schematics Acquired . | . . Robots Built . | . . Matter . | . . Time . | . . Total Robot Build Rating . | . . Part Schematics Acquired . | . . Parts Built . | . . Matter . | . . Time . | . . Total Part Build Rating . | . . Parts Repaired . | . . Time . | . . Parts Recycled . | . . Recycled Matter 235 | . 235 Retrieved Matter . | . . Retrieved Components . | . . Parts Scanalyzed . | . . Part Schematics Acquired . | . . Parts Damaged . | . . Bothacking | -11 -10 ------------ Run | Scr Mat Used RIF Installer . | . . Robots Hacked . | . . Non-combat . | . . Combat . | . . Robot Hacks Applied . | . . Relay Couplers Released . | . . Robots Rewired . | . . Allies Hacked . | . . Hacks Repelled . | . . Allies | -11 -10 -------- Run | Scr Mat Total Allies . | . . Largest Group . | . . Highest-Rated Group . | . . Highest-Rated Ally . | . . Total Orders . | . . Ally Attacks . | . . Total Damage . | . . Kills . | . . Allies Corrupted . | . . Allies Melted . | . . Intel | -11 -10 ------- Run | Scr Mat Robot Analysis Total . | . . Derelict Logs Recovered . | . . Drone Launches . | . . Drone Recoveries . | . . Exploration | -11 -10 ------------- Run | Scr Mat Turns Passed 781 | 5 776 Spaces Moved 355 | 1 354 Core . | . . Treads . | . . Legs . | . . Wheels 355 | 1 354 Hover . | . . Flight . | . . Fastest Speed 90 | 90 90 Average Speed 104 | 90 104 Slowest Speed 120 | 90 120 Overloaded Moves . | . . Propulsion Burnouts . | . . Robots Hopped . | . . Cave-ins Triggered . | . . Exploration Rate (%) 24 | 2 46 Regions Visited 1 Branch Regions . Pre-discovered Areas . | . . Known Exits Taken . | . . Unknown Exits Taken 1 | 1 . Scrap Searched . | . . Spaces Dug . | . . Terrain Destroyed 61 | . 61 Melee . | . . Projectile . | . . AOE 61 | . 61 Terrain Rammed . | . . Walls Destroyed . | . . Machines Disabled . | . . Actions | -11 -10 --------- Run | Scr Mat Total 531 | 5 526 Wait 1 | . 1 Move 354 | . 354 Hop . | . . Pick Up 1 | . 1 Fast Attach 2 | . 2 Attach 4 | 2 2 Detach 1 | . 1 Swap 5 | 1 4 Drop 5 | 2 3 Fire 155 | . 155 Melee . | . . Ram 3 | . 3 Kick . | . . Crush . | . . Escape Stasis . | . . Rewire . | . . Trap . | . . Miscellaneous . | . . Route ------- -11/Scrapyard -10/Materials (discovered 1 exit: [*Mat]) History --------- Turn | Location | Event 6 | -11/Scrapyard | Discovered new exit (range 0) 6 | -11/Scrapyard | Entered Materials 80 | -10/Materials | Discovered new exit (range 15) 300 | -10/Materials | Build established: Mutant 765 | -10/Materials | Core integrity fell below 50% 777 | -10/Materials | Core integrity fell below 20% 782 | -10/Materials | Destroyed by G-34 Mercenary with Small Laser Last Messages --------------- Tractor Beam (12) Tractor Beam (12) Ion Engine (2) Lgt. Treads (19) Com. Wheel (7) Com. Wheel (7) Sml. Storage Unit (41) 00672_ ALERT: Suspicious activity at Recycling Unit M001. Dispatching Investigation squad. 00715_ Acquired 47 matter. 00717_ Acquired 63 matter. 00747_ Com. Wheel destroyed. 00750_ Ion Engine destroyed. 00760_ Lgt. Assault Rifle destroyed. 00767_ Acquired Welding Torch. 00772_ Welding Torch destroyed. 00772_ Slammed into G-34 Mercenary. 00772_ Com. Wheel destroyed. 00772_ System corrupted by crushing effect (+2). 00777_ Slammed into G-34 Mercenary. Map ----- +----------------------------------------------------+ | ?????# #?????????????????????????? | | ?????# ##+##### #?????????????????????????? | | ?????###### ## #?????????????????????????? | | ??????????# ## #?????????????????????????? | | ??????????# ## #?????????????????????????? | | ??????????# ## #?????????????????????????? | | ??????????# ## #?????????????????????????? | | ########### ## #?????????????????????????? | | # # ## #?????????????????????????? | | # #/###### ##############????????????? | | # " " # ???????????? | | # " + ???????????? | | #" # ???????????? | | #T " ## ##### #############????????????? | | #" " ## ##### #????????????????????????? | | # ## # ## #????????????????????????? | | ############ # # #????????????????????????? | | ????????####/### # #????????????????????????? | | ????????# # #????????????????????????? | | ????????# # #????????????????????????? | | ????????# + ###########??????????????? | | ????????# # # #??????????????? | | ????????# # # """ """ #??????????????? | | ??????############ # """ """ #??????????????? | | ??????# #g""" """ #??????????????? | | ??????# < /@ #??????????????? | | ??????# ^ # gu ||#??????????????? | | ??????#### ^ """ # ||#??????????????? | | ?????????# """ # g #??????????????? | | ?????????# """ ###########??????????????? | | ?????????# ^^ #????????????????????????? | | ?????????# #????????????????????????? | | ?????????# #######??????????????????? | | ?????????# "" ##! !##?????????????????? | | ?????????# "T #! !#?????????????????? | | ????###### "" %#! !#?????????????????? | | ????# %% # ##################? | | ????# #? | | ????# ### ########## % #? | | ????# #?# #????????# #? | | ????# ###/####??#####+################### #? | | ????# # #??# #???# # #? | | ????# # #??# #???# # #? | | ????# + #??# #???# # #? | | ????# # #??# #???# # #? | | ????# # "T" #??# #???# """ + #? | | ????# #[ """ #??# % #???# """ *# #? | | ????# !#########?# #???# """ * # #? | | ????#=%"*[ !! #?# #???# * # #? | | ????# %#* ! #?##+########???########### #? | +----------------------------------------------------+ Best States ------------- Heat Dissipation 25 Energy Generation 10 Energy Capacity 250 Matter Stores 300 Matter Capacity 300 Sight Range 16 Terrain Scan Density 10 Resistance: KI 20 Resistance: TH 20 Resistance: EX 20 Resistance: EM 20 Resistance: I 20 Resistance: S 20 Resistance: P 20 Evasion (%) 42 Offensive Hacking 10 Item Schematics ----------------- None Robot Schematics ------------------ None Fabricated ------------ Nothing Alien Tech Used ----------------- None Achievements -------------- None Challenges ------------ None Game ------ Seed ReflectiveLayeredChainsword Manual? 0 Play Time 00:12:34 Cumulative 103.3 hours Start 2021.04.28 @ 20:58:38 End 2021.04.28 @ 21:07:37 Sessions 1 Manual Loads 0 Difficulty Adventurer Special Mode None Game No. 25 Rogue 0 Adventurer 25 Explorer 0 Win Type - Total 0 Types 0/0/0/0/0/0/0/0/0 Lore% 48 Gallery% 55 Achievement% 39 Wizard Run 0 Options --------- ASCII 0 Keyboard 1 Movement Numpad Keybinds 0 Fullscreen 1 Font 14/X11Bold Map View 84x54 Tactical HUD 1 Map Filters NONE Filters NONE Steam 1 RUN: cef4ab96-9e7a-40b6-a83b-1884a62013d2